 Dungeon Crawl Stone Soup version 0.19.1-1-g22dce08 (webtiles) character file.

174 Riptide90k the Skirmisher (level 5, -1/42 HPs)
             Began as a Demonspawn Berserker on Dec 30, 2016.
             Was a Believer of Trog.
             Slain by a hobgoblin
             ... wielding a +0 mace
              (5 damage)
             ... on level 3 of the Dungeon.
             The game lasted 00:19:40 (2946 turns).

Riptide90k the Skirmisher (Demonspawn Berserker)    Turns: 2946, Time: 00:19:40

Health: -1/42      AC: 13    Str: 18    XL:     5   Next: 28%
Magic:  5/5        EV:  5    Int:  9    God:    Trog [**....]
Gold:   163        SH: 11    Dex: 12    Spells: 0 memorised, 4 levels left

rFire  . . .     SeeInvis .     z - +0 mace (protect)
rCold  . . .     Gourm    .     c - +0 scale mail
rNeg   . . .     Faith    .     B - +0 large shield
rPois  .         Spirit   .     (helmet restricted)
rElec  .         Reflect  .     (no cloak)
rCorr  .         Harm     .     (no gloves)
MR     .....                    (no boots)
Stlth  +.........               (no amulet)
                                (no ring)
                                m - ring of stealth (curse)

@: exhausted, protection aura, slowed, very slow
A: horns 1, powered by pain 2
a: Berserk, Trog's Hand, Burn Spellbooks, Renounce Religion


You were on level 3 of the Dungeon.
You worshipped Trog.
Trog was pleased with you.
You were full.

You visited 1 branch of the dungeon, and saw 3 of its levels.

You collected 163 gold pieces.

Inventory:

Hand Weapons
 a - a +0 hand axe
 n - a +0 falchion
 q - a +0 hunting sling
 z - a +0 mace of protection (weapon)
 C - a +0 halberd
Missiles
 e - 3 tomahawks of returning (quivered)
 r - 47 stones
Armour
 b - a +1 animal skin
 c - a +0 scale mail (worn)
 h - a +0 helmet
 p - a +0 helmet
 B - a +0 large shield (worn)
Jewellery
 m - a cursed ring of stealth (left hand)
Wands
 s - a wand of heal wounds (2/9)
Scrolls
 i - 2 scrolls of amnesia
 t - a scroll of enchant armour
 u - 2 scrolls of remove curse {unknown}
 x - a scroll of fog {unknown}
 y - a scroll of noise {unknown}
 D - a scroll of magic mapping
Potions
 d - a potion of berserk rage {unknown}
 f - a potion of might {unknown}
 g - 2 potions of flight {unknown}
 j - 2 potions of heal wounds {unknown}
 k - a potion of degeneration {unknown}
 l - a potion of brilliance {unknown}
 o - a potion of ambrosia {unknown}
 v - a potion of beneficial mutation {unknown}
Comestibles
 w - a slice of pizza
 A - a bread ration


   Skills:
 + Level 4.0 Fighting
 + Level 3.8(3.9) Axes
 + Level 0.5(2.4) Maces & Flails
 + Level 2.6 Armour
 + Level 2.2 Dodging
 + Level 0.8 Stealth
 + Level 0.1 Shields


You had 4 spell levels left.
You didn't know any spells.

Dungeon Overview and Level Annotations

Branches:
Dungeon (3/15)

Altars:
Ashenzari
Okawaru
Qazlal
Sif Muna
Xom

Annotations:
D:3 Purgy


Innate Abilities, Weirdness & Mutations

You have a pair of small horns on your head.
You sometimes gain power by taking damage.


Message History

You are exhausted.
You feel yourself slow down. The hobgoblin hits you with a mace.
* * * LOW HITPOINT WARNING * * *
You block Purgy's attack. x2; Purgy claws you but does no damage.
You hit Purgy but do no damage.
Your weapon exudes an aura of protection.
Purgy is severely wounded.
Purgy bites you but does no damage. Purgy barely misses you.
You block Purgy's attack. You block the hobgoblin's attack.
Purgy barely misses you. x2; Purgy claws you but does no damage.
You block the hobgoblin's attack.
Purgy snarls, "Go!
Away!"
You block the hobgoblin's attack. Purgy bites you.
* * * LOW HITPOINT WARNING * * *
Purgy claws you but does no damage. x2
You hit Purgy.
Your weapon exudes an aura of protection.
Purgy is heavily wounded.
The hobgoblin hits you with a mace.
You die...

...#..##.#..#######.
......##.#..........
...#..##.##.########
......##.##.#
########.##.#
......##....# #######
.......####.####.....#
........###.......# #
#####....##.##..@###...#
##...##.#...Tg......
#####....#..#..#.).).#..
........###.#.##.._..#
.......## #.#. #.).).#
......## #.#. ........
####### #### ..###...#
... .... #... ##.


You could see Purgy and a hobgoblin.

Vanquished Creatures
  An orc wizard (D:3)
  Robin (D:2)
  3 gnolls (D:3)
  2 adders
  A dart slug (D:1)
  2 leopard geckos
  3 orcs (D:3)
  3 bats
  6 giant cockroaches
  17 goblins
  11 hobgoblins
  6 jackals
  2 ball pythons
  3 frilled lizards
  5 kobolds
  5 rats
  4 plants (D:2)
75 creatures vanquished.

Vanquished Creatures (others)
  A rat (D:2)
1 creature vanquished.

Grand Total: 76 creatures vanquished

Notes
Turn   | Place    | Note
-------+----------+-------------------------------------------
     0 | D:1      | Riptide90k the Demonspawn Berserker began the quest for the Orb.
     0 | D:1      | Reached XP level 1. HP: 18/18 MP: 1/1
   148 | D:1      | Gained mutation: You sometimes gain a little power by taking damage. [demonic ancestry]
   148 | D:1      | Reached XP level 2. HP: 14/24 MP: 2/2
   920 | D:2      | Noticed Robin
   922 | D:2      | Reached XP level 3. HP: 23/29 MP: 3/3
   928 | D:2      | Reached ** piety under Trog
   935 | D:2      | Killed Robin
  1212 | D:2      | Found a stormy altar of Qazlal.
  1288 | D:2      | Gained mutation: You sometimes gain power by taking damage. [demonic ancestry]
  1288 | D:2      | Reached XP level 4. HP: 37/37 MP: 4/4
  1512 | D:2      | Found a shimmering altar of Xom.
  2148 | D:3      | Found a shattered altar of Ashenzari.
  2363 | D:3      | Found a deep blue altar of Sif Muna.
  2521 | D:3      | Gained mutation: You have a pair of small horns on your head. [demonic ancestry]
  2521 | D:3      | Reached XP level 5. HP: 11/42 MP: 5/5
  2527 | D:3      | Reached skill level 4 in Fighting
  2919 | D:3      | Found an iron altar of Okawaru.
  2924 | D:3      | Noticed Purgy
  2946 | D:3      | Slain by a hobgoblin

Skill      XL: |  1  2  3  4  5 |
---------------+----------------+-----
Axes           | 3 |  3.8
Dodging        | 2 |  2.2
Armour         | 2 |  2.6
Fighting       | 4 |  4.0
Maces & Flails | |  0.5
Stealth        | |  0.8
Shields        | |  0.1

Action                   |  1- 3 |  4- 6 || total
-------------------------+-------+-------++-------
Melee: Hand axe          |    77 |    17 ||    94
       Mace              |       |   300 ||   300
       Headbutt          |       |     6 ||     6
Invok: Berserk           |     4 |     3 ||     7
  Use: Scroll            |     3 |       ||     3
  Eat: Bread ration      |     1 |       ||     1
       Fruit             |       |     4 ||     4
       Meat ration       |       |     2 ||     2
       Royal jelly       |       |     1 ||     1
Armor: Animal skin       |     2 |       ||     2
       Scale mail        |    19 |   103 ||   122
Dodge: Dodged            |    40 |    74 ||   114
Block: Large shield      |       |    65 ||    65
